General information
- name: BNet
- type: Ladder team game (AT/RT)
- host: Battle.net
- saver: Scumdawg3000
map: GoldRush
- players: 8
- length: 68:56
- speed: Fast
- version: 1.29 W3XP
- replay type: Public
» download(538 KB)
Players
team 1 (winner)
GRANDOLP24 (
teal | 32 APM | 1815 actions | 55:52)
3 Goblin Tinker
2 Pocket Factory
1 Engineering Upgrade
3 Lich
1 Frost Nova
2 Frost Armor
» actions
| Assign group hotkey | 47 | |
| Basic commands | 16 | |
| Build / train | 79 | |
| Enter build submenu | 28 | |
| Enter hero's abilities submenu | 6 | |
| Right click | 867 | |
| Select / deselect | 543 | |
| Select group hotkey | 152 | |
| Use ability | 74 | |
1815 total
» units
| Acolyte | 3 | |
| Ghoul | 5 | |
| Crypt Fiend | 22 | |
| Frost Wyrm | 10 | |
| Obsidian Statue | 4 | |
44 total
» upgrades
| Creature Attack | 3 | |
| Creature Carapace | 2 | |
| Web | 1 | |
| Burrow | 2 | |
| Freezing Breath | 1 | |
| Destroyer Form | 1 | |
10 total
» buildings
| Graveyard | 2 | |
| Crypt | 2 | |
| Ziggurat | 10 | |
| Altar of Darkness | 3 | |
| Tomb of Relics | 1 | |
| Halls of the Dead | 2 | |
| Black Citadel | 1 | |
| Sacrificial Pit | 1 | |
| Spirit Tower | 9 | |
| Boneyard | 2 | |
| Slaughterhouse | 3 | |
| Nerubian Tower | 2 | |
| Necropolis | 1 | |
39 total
» build order
00:07 Graveyard
00:17 Crypt
00:41 Ziggurat
00:57 Altar of Darkness
01:17 Ziggurat
01:29 Tomb of Relics
03:42 Ziggurat
04:20 Halls of the Dead
07:26 Black Citadel
07:30 Sacrificial Pit
07:35 Ziggurat
07:43 Ziggurat
07:55 Spirit Tower
07:56 Spirit Tower
08:00 Spirit Tower
09:53 Boneyard
09:59 Boneyard
12:26 Ziggurat
22:56 Slaughterhouse
23:41 Ziggurat
23:43 Ziggurat
24:20 Ziggurat
24:24 Ziggurat
24:48 Spirit Tower
24:49 Spirit Tower
24:50 Nerubian Tower
24:50 Nerubian Tower
25:17 Spirit Tower
25:18 Spirit Tower
25:18 Spirit Tower
28:43 Slaughterhouse
28:45 Slaughterhouse
28:52 Altar of Darkness
29:43 Spirit Tower
30:43 Necropolis
30:55 Altar of Darkness
31:16 Crypt
32:24 Halls of the Dead
32:36 Graveyard
Scumdawg3000 (
blue | 41 APM | 2807 actions | 68:56)
10 Blademaster
3 Wind Walk
3 Critical Strike
1 Bladestorm
3 Mirror Image
5 Shadow Hunter
2 Hex
3 Healing Wave
» actions
| Assign group hotkey | 55 | |
| Basic commands | 256 | |
| Build / train | 114 | |
| Enter build submenu | 106 | |
| Enter hero's abilities submenu | 15 | |
| Give item / drop item | 7 | |
| Remove unit from queue | 1 | |
| Right click | 1028 | |
| Select / deselect | 745 | |
| Select group hotkey | 213 | |
| Use ability | 267 | |
2807 total
» units
| Peon | 28 | |
| Grunt | 5 | |
| Wind Rider | 3 | |
| Tauren | 3 | |
| Raider | 2 | |
| Shaman | 3 | |
| Troll Witch Doctor | 4 | |
| Spirit Walker | 4 | |
52 total
» upgrades
| Reinforced Defenses | 1 | |
| Envenomed Spears | 1 | |
| Troll Regeneration | 1 | |
| Ranged Weapons | 3 | |
| Armor | 3 | |
| Liquid Fire | 1 | |
| Melee Weapons | 3 | |
| Pulverize | 1 | |
| Spiked Barricades | 2 | |
| Burning Oil | 1 | |
| Berserker Upgrade | 1 | |
| Shaman Training | 2 | |
| Witch Doctor Training | 2 | |
| Spirit Walker Training | 2 | |
| Pillage | 1 | |
| Ensnare | 1 | |
| War Drums Damage Increase | 1 | |
27 total
» buildings
| Orc Burrow | 11 | |
| Altar of Storms | 1 | |
| Barracks | 1 | |
| Voodoo Lounge | 4 | |
| Stronghold | 1 | |
| Great Hall | 8 | |
| War Mill | 2 | |
| Watch Tower | 72 | |
| Fortress | 1 | |
| Beastiary | 5 | |
| Tauren Totem | 2 | |
| Spirit Lodge | 2 | |
110 total
» build order
00:12 Orc Burrow
00:56 Orc Burrow
01:03 Altar of Storms
01:05 Barracks
01:51 Voodoo Lounge
02:54 Stronghold
04:15 Great Hall
04:33 War Mill
04:59 Orc Burrow
05:03 Orc Burrow
06:33 Watch Tower
06:33 Watch Tower
06:33 Watch Tower
06:34 Watch Tower
06:47 Watch Tower
06:49 Watch Tower
08:25 Great Hall
09:22 Fortress
09:25 Watch Tower
09:26 Watch Tower
09:29 Watch Tower
09:30 Watch Tower
09:33 Watch Tower
11:19 Watch Tower
13:29 Beastiary
13:29 Beastiary
13:31 Beastiary
13:33 Beastiary
14:10 Watch Tower
14:11 Watch Tower
14:11 Watch Tower
14:12 Watch Tower
14:13 Watch Tower
14:14 Watch Tower
16:33 Great Hall
16:46 War Mill
17:15 Watch Tower
17:16 Watch Tower
17:17 Watch Tower
17:18 Watch Tower
18:21 Beastiary
18:56 Watch Tower
18:57 Watch Tower
18:58 Watch Tower
19:00 Watch Tower
21:34 Orc Burrow
22:02 Orc Burrow
22:40 Watch Tower
22:40 Watch Tower
22:44 Watch Tower
22:45 Watch Tower
22:46 Watch Tower
26:14 Great Hall
26:17 Watch Tower
26:18 Watch Tower
26:19 Watch Tower
26:20 Watch Tower
26:24 Watch Tower
26:24 Watch Tower
26:25 Watch Tower
26:25 Watch Tower
26:27 Watch Tower
26:28 Watch Tower
26:28 Watch Tower
26:32 Voodoo Lounge
28:39 Great Hall
28:43 Watch Tower
28:44 Watch Tower
28:44 Watch Tower
28:45 Watch Tower
28:46 Watch Tower
28:47 Watch Tower
28:48 Watch Tower
28:48 Watch Tower
28:49 Voodoo Lounge
28:59 Great Hall
29:01 Watch Tower
29:02 Watch Tower
29:03 Watch Tower
29:03 Watch Tower
29:04 Watch Tower
29:04 Watch Tower
29:05 Watch Tower
29:09 Watch Tower
29:11 Watch Tower
29:12 Watch Tower
29:13 Voodoo Lounge
32:04 Great Hall
32:06 Watch Tower
32:07 Watch Tower
32:08 Watch Tower
32:08 Watch Tower
32:14 Watch Tower
32:15 Watch Tower
32:16 Watch Tower
32:16 Watch Tower
35:38 Great Hall
35:40 Watch Tower
35:40 Watch Tower
35:41 Watch Tower
35:42 Watch Tower
38:41 Tauren Totem
38:42 Tauren Totem
38:44 Spirit Lodge
38:46 Spirit Lodge
47:36 Orc Burrow
47:39 Orc Burrow
47:40 Orc Burrow
49:26 Orc Burrow
49:31 Orc Burrow
» items
| Healing Salve | 6 | |
| Lesser Clarity Potion | 2 | |
| Orb of Corruption | 1 | |
| Scroll of Healing | 2 | |
| Scroll of Protection | 1 | |
| Potion of Invisibility | 1 | |
| Periapt of Vitality | 1 | |
| Potion of Lesser Invulnerability | 1 | |
15 total
Gorilla_Kong (
pink | 110 APM | 2771 actions | 25:10)
6 Demon Hunter
3 Evasion
2 Mana Burn
1 Metamorphosis
5 Keeper of the Grove
3 Entangling Roots
2 Thorns Aura
» actions
| Assign group hotkey | 44 | |
| Basic commands | 30 | |
| Build / train | 80 | |
| ESC pressed | 3 | |
| Enter build submenu | 30 | |
| Enter hero's abilities submenu | 12 | |
| Give item / drop item | 3 | |
| Remove unit from queue | 1 | |
| Right click | 1401 | |
| Select / deselect | 535 | |
| Select group hotkey | 548 | |
| Use ability | 84 | |
2771 total
» units
| Wisp | 27 | |
| Archer | 4 | |
| Chimaera | 9 | |
| Hippogryph | 3 | |
43 total
» upgrades
| Strength of the Wild | 3 | |
| Reinforced Hides | 2 | |
| Corrosive Breath | 1 | |
| Ultravision | 0 | |
6 total
» buildings
| Altar of Elders | 2 | |
| Moon Well | 11 | |
| Ancient of War | 1 | |
| Ancient of Wonders | 1 | |
| Tree of Ages | 2 | |
| Tree of Life | 3 | |
| Hunter's Hall | 1 | |
| Tree of Eternity | 2 | |
| Ancient of Wind | 4 | |
| Chimaera Roost | 4 | |
31 total
» build order
00:05 Altar of Elders
00:18 Moon Well
00:32 Ancient of War
01:37 Moon Well
02:15 Ancient of Wonders
02:51 Tree of Ages
02:51 Tree of Ages
03:17 Moon Well
03:45 Tree of Life
04:17 Hunter's Hall
05:24 Tree of Eternity
05:24 Tree of Eternity
05:50 Ancient of Wind
06:05 Moon Well
06:24 Moon Well
07:32 Moon Well
07:46 Moon Well
07:50 Chimaera Roost
07:52 Chimaera Roost
07:55 Chimaera Roost
08:13 Chimaera Roost
09:58 Moon Well
14:47 Moon Well
14:49 Moon Well
14:53 Moon Well
16:14 Ancient of Wind
18:05 Tree of Life
21:14 Altar of Elders
22:58 Ancient of Wind
23:00 Ancient of Wind
24:35 Tree of Life
» items
| Circlet of Nobility | 2 | |
| Boots of Speed | 1 | |
| Scroll of Town Portal | 1 | |
| Orb of Venom | 1 | |
5 total

»
New-B (
green | 26 APM | 1812 actions | 68:54)
3 Archmage
2 Summon Water Elemental
1 Brilliance Aura
1 Paladin
1 Devotion Aura
» actions
| Assign group hotkey | 35 | |
| Basic commands | 7 | |
| Build / train | 137 | |
| ESC pressed | 8 | |
| Enter build submenu | 61 | |
| Enter hero's abilities submenu | 4 | |
| Remove unit from queue | 1 | |
| Right click | 831 | |
| Select / deselect | 558 | |
| Select group hotkey | 52 | |
| Use ability | 118 | |
1812 total
» units
| Peasant | 49 | |
| Footman | 1 | |
| Rifleman | 16 | |
| Mortar Team | 6 | |
| Priest | 5 | |
| Spell Breaker | 1 | |
| Chimaera | 1 | |
| Archer | 4 | |
| Wisp | 2 | |
85 total
» upgrades
| Gunpowder | 3 | |
| Armor | 2 | |
| Masonry | 2 | |
| Lumber Harvesting | 1 | |
| Long Rifles | 1 | |
| Flare | 1 | |
| Priest Training | 2 | |
| Fragmentation Shards | 1 | |
| Magic Sentry | 1 | |
| Control Magic | 1 | |
| Strength of the Moon | 1 | |
| Moon Armor | 1 | |
| Ultravision | 1 | |
18 total
» buildings
| Lumber Mill | 2 | |
| Farm | 7 | |
| Scout Tower | 27 | |
| Guard Tower | 17 | |
| Altar of Kings | 4 | |
| Barracks | 2 | |
| Blacksmith | 1 | |
| Arcane Vault | 1 | |
| Keep | 3 | |
| Town Hall | 4 | |
| Castle | 1 | |
| Arcane Sanctum | 1 | |
| Workshop | 2 | |
| Tree of Life | 2 | |
| Arcane Tower | 1 | |
| Cannon Tower | 1 | |
| Tree of Ages | 1 | |
| Hunter's Hall | 1 | |
| Ancient of Wonders | 1 | |
| Altar of Elders | 1 | |
| Moon Well | 1 | |
81 total
» build order
00:09 Lumber Mill
00:16 Farm
00:53 Farm
00:57 Scout Tower
01:11 Scout Tower
01:23 Guard Tower
01:23 Guard Tower
01:23 Guard Tower
01:26 Scout Tower
01:40 Scout Tower
01:43 Scout Tower
01:52 Scout Tower
01:57 Scout Tower
02:05 Guard Tower
02:06 Guard Tower
02:06 Guard Tower
02:24 Scout Tower
02:30 Lumber Mill
02:33 Guard Tower
02:37 Scout Tower
02:48 Scout Tower
02:55 Guard Tower
03:08 Guard Tower
03:20 Guard Tower
03:46 Scout Tower
03:48 Scout Tower
04:19 Guard Tower
04:26 Altar of Kings
04:43 Barracks
04:46 Barracks
04:49 Altar of Kings
04:54 Blacksmith
05:01 Farm
05:40 Farm
05:49 Farm
08:11 Arcane Vault
08:47 Farm
12:01 Keep
12:01 Keep
12:01 Keep
13:38 Town Hall
14:34 Castle
14:41 Arcane Sanctum
14:45 Workshop
16:08 Farm
17:42 Town Hall
21:24 Altar of Kings
21:28 Workshop
24:55 Town Hall
30:09 Altar of Kings
30:16 Scout Tower
30:42 Guard Tower
30:46 Scout Tower
31:22 Guard Tower
31:42 Tree of Life
31:47 Tree of Life
31:59 Town Hall
32:17 Scout Tower
32:20 Scout Tower
32:24 Scout Tower
32:28 Scout Tower
32:47 Arcane Tower
32:49 Scout Tower
32:54 Scout Tower
32:55 Guard Tower
32:58 Scout Tower
33:02 Guard Tower
33:19 Guard Tower
33:22 Scout Tower
33:24 Cannon Tower
36:13 Scout Tower
36:15 Scout Tower
36:20 Scout Tower
36:25 Scout Tower
36:40 Guard Tower
36:43 Scout Tower
39:19 Tree of Ages
39:27 Hunter's Hall
39:36 Ancient of Wonders
39:40 Altar of Elders
39:44 Moon Well
» items
| Scroll of Regeneration | 1 | |
| Lesser Clarity Potion | 2 | |
3 total
team 2 (loser)
JainaProudmoore (
purple | 75 APM | 1348 actions | 17:58)
3 Priestess of the Moon
2 Searing Arrows
1 Trueshot Aura
» actions
| Assign group hotkey | 15 | |
| Build / train | 47 | |
| Enter build submenu | 26 | |
| Enter hero's abilities submenu | 3 | |
| Right click | 832 | |
| Select / deselect | 161 | |
| Select group hotkey | 240 | |
| Use ability | 24 | |
1348 total
» units
» upgrades
| Strength of the Moon | 1 | |
| Moon Armor | 1 | |
| Strength of the Wild | 1 | |
| Reinforced Hides | 1 | |
4 total
» buildings
| Altar of Elders | 1 | |
| Moon Well | 8 | |
| Ancient of War | 2 | |
| Hunter's Hall | 1 | |
| Tree of Life | 1 | |
| Ancient Protector | 5 | |
| Ancient of Wonders | 1 | |
| Tree of Ages | 2 | |
| Ancient of Wind | 2 | |
| Tree of Eternity | 2 | |
25 total
» build order
00:12 Altar of Elders
00:16 Moon Well
00:54 Ancient of War
02:02 Moon Well
02:13 Hunter's Hall
05:59 Ancient of War
06:19 Moon Well
07:24 Tree of Life
07:34 Ancient Protector
07:36 Ancient Protector
08:41 Moon Well
08:45 Moon Well
10:59 Ancient of Wonders
11:02 Tree of Ages
11:03 Tree of Ages
11:28 Moon Well
11:31 Moon Well
11:37 Moon Well
11:42 Ancient Protector
13:21 Ancient Protector
13:30 Ancient of Wind
14:53 Tree of Eternity
14:53 Tree of Eternity
15:03 Ancient Protector
16:47 Ancient of Wind
Ni.ggersWow!!! (
red | 119 APM | 8217 actions | 68:54)
9 Archmage
3 Summon Water Elemental
3 Brilliance Aura
1 Mass Teleport
2 Blizzard
8 Mountain King
3 Storm Bolt
3 Bash
1 Avatar
1 Thunder Clap
8 Goblin Alchemist
3 Healing Spray
2 Chemical Rage
1 Transmute
2 Acid Bomb
» actions
| Assign group hotkey | 121 | |
| Basic commands | 516 | |
| Build / train | 206 | |
| ESC pressed | 2 | |
| Enter build submenu | 85 | |
| Enter hero's abilities submenu | 27 | |
| Give item / drop item | 6 | |
| Right click | 2253 | |
| Select / deselect | 1110 | |
| Select group hotkey | 3298 | |
| Use ability | 592 | |
8217 total
» units
| Peasant | 17 | |
| Footman | 4 | |
| Rifleman | 14 | |
| Sorceress | 9 | |
| Priest | 7 | |
| Spell Breaker | 4 | |
| Peon | 1 | |
| Knight | 1 | |
57 total
» upgrades
| Gunpowder | 3 | |
| Long Rifles | 1 | |
| Lumber Harvesting | 2 | |
| Masonry | 3 | |
| Priest Training | 2 | |
| Armor | 3 | |
| Sorceress Training | 2 | |
| Control Magic | 2 | |
| Plating | 3 | |
| Swords | 3 | |
| Magic Sentry | 1 | |
| Animal War Training | 1 | |
| Defend | 1 | |
27 total
» buildings
| Altar of Kings | 1 | |
| Farm | 10 | |
| Barracks | 3 | |
| Arcane Vault | 2 | |
| Keep | 2 | |
| Blacksmith | 1 | |
| Town Hall | 10 | |
| Scout Tower | 48 | |
| Arcane Tower | 11 | |
| Lumber Mill | 2 | |
| Castle | 2 | |
| Arcane Sanctum | 4 | |
| Guard Tower | 35 | |
| Gryphon Aviary | 1 | |
132 total
» build order
00:34 Altar of Kings
00:48 Farm
00:50 Barracks
01:03 Farm
01:08 Farm
01:51 Farm
02:03 Arcane Vault
03:18 Keep
03:18 Keep
03:50 Blacksmith
04:07 Town Hall
04:45 Scout Tower
05:27 Arcane Tower
05:30 Scout Tower
06:06 Arcane Tower
06:21 Lumber Mill
06:51 Castle
06:51 Castle
08:24 Arcane Sanctum
09:09 Arcane Sanctum
09:16 Farm
09:18 Farm
10:23 Scout Tower
10:25 Scout Tower
10:27 Scout Tower
10:30 Scout Tower
10:31 Scout Tower
10:33 Scout Tower
11:01 Guard Tower
11:02 Guard Tower
11:56 Scout Tower
11:58 Scout Tower
12:00 Guard Tower
12:44 Farm
12:45 Farm
12:46 Farm
12:54 Guard Tower
12:54 Guard Tower
12:55 Guard Tower
12:55 Guard Tower
12:59 Scout Tower
12:59 Scout Tower
13:49 Guard Tower
13:49 Guard Tower
15:15 Guard Tower
21:11 Town Hall
21:11 Scout Tower
21:12 Scout Tower
21:12 Scout Tower
21:13 Scout Tower
22:05 Farm
22:09 Guard Tower
22:09 Guard Tower
22:38 Guard Tower
22:39 Guard Tower
22:40 Scout Tower
22:41 Scout Tower
23:32 Town Hall
23:33 Scout Tower
23:33 Scout Tower
23:34 Scout Tower
23:34 Scout Tower
23:35 Scout Tower
23:39 Guard Tower
24:10 Guard Tower
24:10 Guard Tower
24:49 Guard Tower
24:50 Guard Tower
26:41 Town Hall
26:42 Scout Tower
26:43 Scout Tower
26:43 Scout Tower
26:44 Scout Tower
26:45 Scout Tower
26:46 Scout Tower
27:49 Arcane Tower
27:50 Guard Tower
27:50 Guard Tower
30:46 Town Hall
31:25 Scout Tower
31:26 Scout Tower
31:27 Scout Tower
31:28 Scout Tower
31:29 Scout Tower
31:29 Scout Tower
32:23 Guard Tower
32:24 Guard Tower
32:53 Arcane Tower
32:55 Guard Tower
32:55 Guard Tower
33:20 Guard Tower
33:21 Guard Tower
41:18 Town Hall
41:51 Town Hall
43:01 Scout Tower
43:02 Scout Tower
43:02 Scout Tower
43:03 Scout Tower
43:33 Arcane Tower
43:35 Arcane Tower
43:35 Arcane Tower
43:36 Guard Tower
43:36 Guard Tower
44:02 Scout Tower
44:03 Scout Tower
44:04 Scout Tower
44:05 Scout Tower
45:20 Arcane Tower
45:22 Guard Tower
54:24 Town Hall
54:34 Scout Tower
54:35 Scout Tower
54:36 Scout Tower
54:38 Scout Tower
54:41 Scout Tower
55:06 Arcane Tower
55:09 Guard Tower
55:09 Guard Tower
55:10 Arcane Tower
55:10 Arcane Tower
55:11 Guard Tower
55:11 Guard Tower
55:45 Guard Tower
59:32 Town Hall
59:42 Town Hall
60:07 Arcane Vault
60:12 Lumber Mill
65:49 Barracks
65:50 Barracks
65:52 Arcane Sanctum
65:54 Arcane Sanctum
66:01 Gryphon Aviary
» items
| Scroll of Regeneration | 7 | |
| Mechanical Critter | 5 | |
| Boots of Speed | 2 | |
| Scroll of Town Portal | 3 | |
| Orb of Fire | 2 | |
| Staff of Sanctuary | 1 | |
| Scroll of Protection | 3 | |
| Potion of Lesser Invulnerability | 3 | |
| Periapt of Vitality | 2 | |
| Circlet of Nobility | 1 | |
| Lesser Clarity Potion | 3 | |
| Potion of Mana | 1 | |
33 total

»
ShiG (
orange | 76 APM | 939 actions | 12:25)
2 Mountain King
1 Storm Bolt
1 Thunder Clap
1 Paladin
1 Holy Light
» actions
| Assign group hotkey | 11 | |
| Basic commands | 14 | |
| Build / train | 41 | |
| ESC pressed | 1 | |
| Enter build submenu | 23 | |
| Enter hero's abilities submenu | 3 | |
| Right click | 377 | |
| Select / deselect | 204 | |
| Select group hotkey | 225 | |
| Use ability | 40 | |
939 total
» units
| Peasant | 23 | |
| Footman | 2 | |
| Rifleman | 4 | |
29 total
» buildings
| Altar of Kings | 2 | |
| Farm | 7 | |
| Barracks | 1 | |
| Arcane Vault | 3 | |
| Scout Tower | 3 | |
| Lumber Mill | 1 | |
| Arcane Tower | 2 | |
| Blacksmith | 1 | |
| Keep | 1 | |
| Guard Tower | 4 | |
| Arcane Sanctum | 1 | |
26 total
» build order
00:07 Altar of Kings
00:29 Farm
01:07 Barracks
01:58 Farm
01:59 Farm
02:17 Arcane Vault
02:37 Farm
04:38 Scout Tower
05:07 Lumber Mill
05:09 Arcane Tower
05:10 Arcane Tower
06:19 Blacksmith
06:35 Keep
06:39 Farm
07:21 Farm
08:34 Scout Tower
09:07 Guard Tower
09:07 Guard Tower
09:11 Altar of Kings
10:01 Arcane Sanctum
10:48 Arcane Vault
11:02 Farm
11:21 Scout Tower
11:29 Arcane Vault
11:56 Guard Tower
11:56 Guard Tower

»
MyWifeHateWarc3 (
yellow | 54 APM | 1598 actions | 29:51)
6 Blademaster
3 Wind Walk
2 Critical Strike
1 Bladestorm
» actions
| Assign group hotkey | 41 | |
| Build / train | 97 | |
| Enter build submenu | 24 | |
| Enter hero's abilities submenu | 6 | |
| Give item / drop item | 3 | |
| Remove unit from queue | 1 | |
| Right click | 693 | |
| Select / deselect | 318 | |
| Select group hotkey | 267 | |
| Use ability | 148 | |
1598 total
» units
| Peon | 23 | |
| Wind Rider | 6 | |
| Troll Batrider | 39 | |
| Archer | 5 | |
73 total
» upgrades
| Ranged Weapons | 2 | |
| Armor | 2 | |
| Liquid Fire | 1 | |
5 total
» buildings
| Altar of Storms | 1 | |
| Orc Burrow | 5 | |
| Voodoo Lounge | 2 | |
| War Mill | 2 | |
| Barracks | 1 | |
| Watch Tower | 4 | |
| Stronghold | 1 | |
| Fortress | 1 | |
| Beastiary | 4 | |
| Great Hall | 1 | |
22 total
» build order
00:34 Altar of Storms
00:38 Orc Burrow
00:53 Voodoo Lounge
00:59 Voodoo Lounge
01:47 War Mill
02:04 Barracks
02:27 Orc Burrow
03:18 Watch Tower
03:22 Watch Tower
04:02 Stronghold
04:06 Orc Burrow
04:37 Watch Tower
04:39 Watch Tower
07:26 War Mill
07:33 Fortress
08:04 Beastiary
08:08 Beastiary
09:17 Beastiary
09:33 Orc Burrow
10:48 Orc Burrow
12:49 Great Hall
13:54 Beastiary
» items
| Healing Salve | 2 | |
| Lesser Clarity Potion | 3 | |
| Tiny Great Hall | 2 | |
| Orb of Lightning | 1 | |
| Scroll of Town Portal | 1 | |
9 total
Chat log
(00:10 / Allies) New-B: tr
(01:03 / Allies) GRANDOLP24: ff
(01:05 / All) MyWifeHateWarc3: NEW MAP =)
(01:12 / All) Ni.ggersWow!!!: new old map
(01:16 / All) ShiG: its an old map
(01:17 / All) MyWifeHateWarc3: lol
(01:20 / All) ShiG: :/
(01:58 / Allies) New-B: gold
(01:59 / Allies) New-B: fast
(02:06 / Allies) Scumdawg3000: gold
(02:09 / Allies) Scumdawg3000: faster
(02:18 / Allies) New-B: lumber
(03:51 / Allies) New-B: hit bot
(03:52 / Allies) New-B: fast
(04:03 / Allies) New-B: HIT RETARD
(04:07 / Allies) Scumdawg3000: give back 100 gold please
(04:33 / Allies) New-B: hit bot
(04:36 / Allies) New-B: FORCE TP
(04:36 / Allies) GRANDOLP24: ok
(04:37 / Allies) GRANDOLP24: going
(04:37 / Allies) New-B: RETARTD
(04:39 / Allies) GRANDOLP24: im going
(04:44 / Allies) Scumdawg3000: Go fuck yourself
(05:11 / Allies) New-B: ornage is owned
(05:14 / Allies) New-B: just fuck in bot
(06:48 / Allies) New-B: goh it
(06:50 / Allies) New-B: follow me
(08:04 / Allies) Gorilla_Kong: wood
(08:28 / Allies) New-B: peon towers
(08:33 / Allies) New-B: go
(08:37 / Allies) New-B: hit
(09:13 / Allies) New-B: towers
(09:39 / Allies) Gorilla_Kong: b
(10:06 / Allies) New-B: hit bot
(10:08 / Allies) New-B: guys please
(10:52 / Allies) New-B: go hit
(11:03 / Allies) New-B: blue hit solo
(11:48 / Allies) New-B: center
(13:14 / Allies) New-B: air
(14:04 / Allies) New-B: fight
(14:13 / Allies) New-B: mooins
(14:26 / Allies) New-B: b
(15:03 / Allies) New-B: mk
(15:09 / Allies) New-B: air
(15:20 / Allies) Gorilla_Kong: omw
(15:30 / Allies) New-B: b
(16:10 / Allies) New-B: gold
(16:12 / Allies) New-B: please
(16:13 / Allies) New-B: 5-00
(16:50 / Allies) New-B: gold blue
(17:47 / Allies) New-B: fight
(18:06 / Allies) New-B: priets
(18:38 / Allies) New-B: b
(18:48 / Allies) Scumdawg3000: lumber?
(20:25 / Allies) Gorilla_Kong: wtf
(20:33 / Allies) GRANDOLP24: i need to expand
(20:44 / Allies) Gorilla_Kong: failures
(20:47 / Allies) New-B: BLUE SEND GOLD
(20:48 / Allies) New-B: RETARD
(20:51 / Allies) Gorilla_Kong: nice 4v3
(21:06 / All) New-B: blue RETARD HAVE 12k gold
(21:11 / Allies) Scumdawg3000: Apologize for the abusive invective you have hurled in my direction
(21:32 / Allies) GRANDOLP24: i wanna win
(21:43 / Allies) GRANDOLP24: its not fair green is stupid i gotta lose
(21:48 / Allies) GRANDOLP24: help out blue
(21:55 / Allies) Gorilla_Kong: b
(21:56 / Allies) Gorilla_Kong: blue
(21:59 / Allies) Gorilla_Kong: dindt do anything
(23:03 / All) New-B: blue 15k gold?
(23:05 / All) New-B: }Reallly?
(23:08 / All) New-B: you is retard?
(23:13 / Allies) GRANDOLP24: blue HELP
(23:21 / Allies) GRANDOLP24: pelase
(23:23 / Allies) Scumdawg3000: Ask him to apologize
(23:32 / Allies) GRANDOLP24: green apologize
(23:43 / All) New-B: this is my account treining, i love loser s2
(23:50 / All) New-B: blue retard FUCK YOU s2
(24:03 / Allies) New-B: lumber
(24:05 / Allies) New-B: teal please
(24:07 / Allies) New-B: to reebuding
(24:28 / Allies) New-B: lumber please
(24:36 / Allies) New-B: fast pink
(24:39 / Allies) New-B: send me lumber tor ebuding
(25:00 / Allies) New-B: thx
(25:02 / Allies) Gorilla_Kong: have fun creeping blue
(25:15 / All) Ni.ggersWow!!!: LOL
(26:08 / All) New-B: red, blue is you friend???
(26:20 / All) Ni.ggersWow!!!: what are you talking about
(26:43 / All) Scumdawg3000: he's mad because I won't help him beacuse he abused me mentally and emotionally
(26:44 / All) New-B: blue RETARD
(26:51 / Allies) GRANDOLP24: blue dont be gay
(26:55 / All) Ni.ggersWow!!!: wow green sounds like you're raging
(26:57 / All) Ni.ggersWow!!!: calm down
(27:00 / Allies) Scumdawg3000: All he has to do is apologize
(27:00 / All) Ni.ggersWow!!!: need a tissue for those tears?
(27:01 / All) New-B: blue stupid clan s4s
(27:07 / All) MyWifeHateWarc3: CALM DOWN GREEN
(27:07 / All) New-B: just all report abuser to bnet
(27:10 / All) New-B: fuck retard
(27:19 / All) Ni.ggersWow!!!: you get raped so therefore they're abusers?
(27:23 / All) Ni.ggersWow!!!: need rape counselling support?
(27:26 / All) Scumdawg3000: I report you for breaking the ToS on harassment
(27:29 / All) Ni.ggersWow!!!: this is a video game don't think it works the same way son
(28:35 / Allies) New-B: blue loser for red
(28:39 / All) New-B: noob owned SASHAHSHAS
(29:24 / Allies) New-B: red have 3 expos
(29:26 / Allies) New-B: blue go
(30:01 / All) Scumdawg3000: Raped ~TEEHEE~
(30:24 / All) Ni.ggersWow!!!: this game worked out perfectly
(30:43 / All) Ni.ggersWow!!!: gg noobs 1v4
(31:05 / All) New-B: noob x5
(31:10 / All) New-B: blue is you friend
(31:19 / All) Ni.ggersWow!!!: keep making excuses
(32:11 / All) New-B: gg
(32:15 / All) Ni.ggersWow!!!: out newb
(33:11 / Allies) Scumdawg3000: Apologize, ruffian
(33:30 / Allies) Scumdawg3000: I will have satisfaction
(34:06 / Allies) Scumdawg3000: Have at these, nuissance!
(34:55 / Allies) GRANDOLP24: tool
(35:07 / Allies) Scumdawg3000: When does the album drop, friend?
(35:21 / All) New-B: this is my account treining
(35:25 / All) New-B: no have probleme
(35:28 / All) New-B: i need loser
(35:29 / All) Ni.ggersWow!!!: you need a lot of training yet son
(35:30 / Allies) Scumdawg3000: Well you needs lots of training
(35:31 / All) New-B: :*
(35:33 / Allies) Scumdawg3000: in both warcraft and manners
(37:29 / Allies) Scumdawg3000: All you have to do is apologize
(37:37 / Allies) Scumdawg3000: Apologize, bub! I will demand satisfaction!
(37:38 / Allies) New-B: teal send meyou resorces
(37:39 / Allies) New-B: fast
(37:46 / Allies) GRANDOLP24: only if u apologize
(37:49 / Allies) GRANDOLP24: i wanna win
(37:52 / All) New-B: BLUE STUPID TROLL
(37:54 / All) New-B: AND NOOB
(37:55 / All) Ni.ggersWow!!!: leave
(37:57 / All) New-B: OWNED BYE RED
(37:59 / Allies) GRANDOLP24: no resources
(38:02 / All) Ni.ggersWow!!!: stop delaying my win and wasting my time
(38:04 / All) Ni.ggersWow!!!: You got owned
(38:05 / All) New-B: FOR MAS RIFLES AND SORCERES SAHSHAHSHAS
(38:07 / All) New-B: BLUE OWNED
(38:09 / All) New-B: NOOB
(38:10 / All) Ni.ggersWow!!!: you didn't do anything
(38:14 / All) Ni.ggersWow!!!: fail tower rush scrub
(39:48 / Allies) Scumdawg3000: apologize
(39:53 / Allies) Scumdawg3000: or I will be forced to kill off pink
(40:01 / Allies) Scumdawg3000: I give you just 15 seconds
(40:08 / Allies) GRANDOLP24: green i wanna win
(40:10 / Allies) GRANDOLP24: stop the bull shit
(40:16 / Allies) Scumdawg3000: Time is up
(40:34 / Allies) Scumdawg3000: You should apologize, ruffian
(40:58 / Allies) New-B: i need loser
(40:58 / Allies) New-B: np
(41:00 / Allies) New-B: ^^
(41:05 / Allies) New-B: go loser blue ^^
(42:05 / Allies) GRANDOLP24: mass taurenns and u beat red
(42:07 / Allies) GRANDOLP24: just do that
(42:11 / Allies) GRANDOLP24: im tired of this
(42:46 / All) New-B: owned blue for mass rifles and mages SASHAHSAHSHASHA
(42:50 / All) New-B: free win red
(42:57 / All) Ni.ggersWow!!!: you're a free win with how you play
(42:58 / All) Ni.ggersWow!!!: any day
(43:22 / All) New-B: im owned orange and owned oher menbers you team
(43:28 / All) New-B: purple and yellow
(43:30 / All) Ni.ggersWow!!!: yes you got owned
(43:31 / All) New-B: stupids
(43:43 / All) New-B: yes you need troll me, for winner me
(43:44 / All) New-B: ^^
(43:48 / All) Ni.ggersWow!!!: I'm winner
(43:49 / All) New-B: i like noobs = you
(43:52 / All) Ni.ggersWow!!!: winners aren't losers
(43:52 / All) Scumdawg3000: Green can't be older than 12, he has a lot of growing up to do
(43:59 / All) Scumdawg3000: He must learn to speak to his betters with respect
(44:12 / All) New-B: i dont RESPECT NOOBS
(44:14 / All) New-B: AND TROLLS
(44:18 / All) New-B: AND ABUSERS
(44:19 / All) Ni.ggersWow!!!: why don't you have any self-respect
(44:21 / All) New-B: OR RETARDS
(44:23 / All) Ni.ggersWow!!!: don't be so hard on yourself
(44:39 / All) New-B: next game, im troll red and blue np
(44:41 / All) New-B: np
(44:42 / Allies) GRANDOLP24: \
(44:50 / Allies) GRANDOLP24: blue what are u going to do?
(44:54 / Allies) GRANDOLP24: just lose?
(44:57 / All) New-B: 2 retards in my HUNTED LIST FOR BNEt
(45:02 / Allies) Scumdawg3000: Waiting for an apology
(45:03 / Allies) GRANDOLP24: ur just gonna let him kill ur expansions?
(45:04 / All) New-B: i just troll yours
(45:13 / All) Ni.ggersWow!!!: you couldn't do anything to me this game
(45:13 / Allies) GRANDOLP24: green apologize
(45:15 / Allies) GRANDOLP24: i wanna win
(45:17 / All) Ni.ggersWow!!!: so how could you in another
(45:18 / All) Ni.ggersWow!!!: ?
(45:18 / Allies) GRANDOLP24: stop the bullshit
(45:45 / All) New-B: i need loser
(45:47 / All) New-B: and have time
(45:49 / Allies) GRANDOLP24: green wtf
(45:51 / All) New-B: just play in other pc
(45:53 / Allies) GRANDOLP24: that doesnt make sense
(45:53 / All) New-B: :*
(45:55 / Allies) GRANDOLP24: i need loser
(45:58 / All) Ni.ggersWow!!!: I make you looser
(46:02 / Allies) GRANDOLP24: are u korean/
(46:04 / Allies) GRANDOLP24: ?
(47:49 / All) New-B: blue get tauren, raiders, and shamans
(47:57 / All) New-B: have 100/100 food
(48:03 / All) New-B: :*
(48:07 / All) New-B: love loser blue
(48:12 / All) New-B: sh her
(48:16 / All) New-B: hero lvl 1
(51:48 / All) New-B: have 2expos blue
(51:51 / All) New-B: mid >>>
(51:56 / All) New-B: and bot
(52:26 / All) New-B: have shamans and doctors <<<<<
(52:31 / All) New-B: left base blue
(52:36 / All) New-B: taurens and raiders mid
(52:38 / All) New-B: kodors
(52:44 / All) Ni.ggersWow!!!: KODORS
(52:51 / All) New-B: Spirit Walkers
(53:35 / All) Ni.ggersWow!!!: Hello blue
(53:38 / All) Ni.ggersWow!!!: hail
(53:39 / All) Scumdawg3000: Hello
(53:43 / All) Ni.ggersWow!!!: the human alliance welcomes the orcish horde
(53:52 / All) GRANDOLP24: GAY
(53:54 / All) Scumdawg3000: You are kind to my people and do not abuse me
(54:14 / All) New-B: 2 retards have 10 years?
(54:14 / All) Scumdawg3000: You are kind to my people
(54:15 / All) Ni.ggersWow!!!: I never would wish for bloodshed between our two races
(54:16 / All) Scumdawg3000: and do not abuse me
(54:17 / All) Ni.ggersWow!!!: my orcish friend
(54:22 / All) Scumdawg3000: I think I shall allow you to receive this victory
(54:29 / All) Scumdawg3000: instead of the jerk know as "New-B"
(54:30 / All) Ni.ggersWow!!!: I'm a proud orcish rights supporter
(54:39 / All) GRANDOLP24: GAY
(54:53 / All) Ni.ggersWow!!!: that's very generous of you
(54:56 / All) Ni.ggersWow!!!: I badly need this win
(55:03 / All) Ni.ggersWow!!!: I want to have the rifleman icon
(55:07 / All) New-B: i need loser ^^
(55:10 / All) New-B: stats me
(55:18 / All) New-B: using /stats me account treining ^^
(55:21 / All) Scumdawg3000: You are below 50%
(55:22 / All) Scumdawg3000: how pathetic
(55:27 / All) New-B: yes
(55:30 / All) Ni.ggersWow!!!: Green needs lots of training
(55:34 / All) New-B: my real accounts is 70%
(55:35 / All) Scumdawg3000: Your name suits you well
(55:37 / All) Ni.ggersWow!!!: need me to teach you how to play 4v4 green?
(55:40 / All) Scumdawg3000: I'm sure
(55:41 / All) New-B: im so good play old bnet
(55:42 / All) Ni.ggersWow!!!: I give lessons starting at $20/hr
(55:45 / All) New-B: ^
(56:19 / All) Ni.ggersWow!!!: I give your battlecattle more empathy
(56:23 / All) Ni.ggersWow!!!: going to turn them into sheep
(56:27 / All) Ni.ggersWow!!!: so they know what it's like
(56:43 / All) Ni.ggersWow!!!: now they'll be nicer to the other animals on the farms
(56:44 / All) Scumdawg3000: If you could turn them into cows itw ould be a magical sex change
(56:51 / All) New-B: blue have 2 lumbermill
(56:51 / All) Ni.ggersWow!!!: lol
(56:54 / All) New-B: war mill
(56:58 / All) New-B: is stupid NOOB SAHSAHSHAHSAHS
(57:08 / All) New-B: you accounts is 15%???
(57:11 / All) New-B: BLUE SHASHAHSHAS
(58:49 / All) Ni.ggersWow!!!: angry cows
(59:06 / All) Ni.ggersWow!!!: those cows angry like green's girlfriend
(59:15 / All) Scumdawg3000: boyfriend*
(59:26 / All) New-B: i like fuck your games np
(59:31 / All) New-B: go other game, i troll ^^
(59:36 / All) Scumdawg3000: Healings pray didn't work on alchemist prepatch?
(59:39 / All) Scumdawg3000: I always thought it did
(59:44 / All) Ni.ggersWow!!!: I think it did
(59:48 / All) Ni.ggersWow!!!: I know for sure I used it before patch
(59:56 / All) Ni.ggersWow!!!: on alch
(60:25 / All) Scumdawg3000: Any last pearls of wisdom you wish to bestow upon us, New-B?
(60:33 / All) New-B: thx for loser ^^
(60:40 / All) Ni.ggersWow!!!: green is looser now
(60:49 / All) Scumdawg3000: Are you European?
(61:11 / All) New-B: i have 5 computer to play
(61:16 / All) New-B: no problem ^^
(61:20 / All) Scumdawg3000: lucky you!
(61:21 / All) New-B: have 12 cd key towar 3
(61:22 / All) Ni.ggersWow!!!: you play 5 computers at once?
(61:26 / All) Ni.ggersWow!!!: wow you must have mad skills
(61:30 / All) Scumdawg3000: What shithole do you live in?
(61:31 / All) New-B: hehe im so good player
(61:37 / All) New-B: }old school of war 3
(61:49 / All) Scumdawg3000: What manner of spic are you?
(61:54 / All) Ni.ggersWow!!!: from, green?
(61:55 / All) New-B: i go in other computer :*
(61:56 / All) New-B: kiss
(62:22 / All) Ni.ggersWow!!!: MAD COW DISEASE
(63:55 / All) Ni.ggersWow!!!: shit
(63:57 / All) Scumdawg3000: lawl
(63:59 / All) Ni.ggersWow!!!: only 50k gold to rebuild
(64:01 / All) Ni.ggersWow!!!: I'm fucked
(64:05 / All) Scumdawg3000: green has a chance
(64:14 / All) Scumdawg3000: Were the peons fighting
(64:24 / All) Ni.ggersWow!!!: not sure barely paid attention
(64:29 / All) Ni.ggersWow!!!: I just amoved for the first 1/3 of that fight I think
(64:40 / All) Scumdawg3000: I wasn't using most of my units or abilities
(64:45 / All) Scumdawg3000: I was just unpurging the tauren lol
(64:54 / All) Scumdawg3000: I mean purging
(64:58 / All) Ni.ggersWow!!!: same was just using hero abilities and sorc lawl